 Dungeon Crawl Stone Soup version 0.17.0-18-gaab0e96 (webtiles) character file.

10680 septik the Cruncher (level 11, -2/103 HPs)
             Began as a Gargoyle Gladiator on Nov 11, 2015.
             Was a High Priest of Okawaru.
             Slain by a spiny frog (4 damage)
             ... on level 2 of the Lair of Beasts.
             The game lasted 00:28:27 (10589 turns).

septik the Cruncher (Gargoyle Gladiator)           Turns: 10589, Time: 00:28:27

Health: -2/103     AC: 28    Str: 25    XL:     11   Next: 65%
Magic:  11/11      EV:  8    Int: 10    God:    Okawaru [*****.]
Gold:   571        SH:  0    Dex: 11    Spells: 0 memorised, 10 levels left

rFire  . . .     SeeInvis +     a - +1 quarterstaff
rCold  . . .     Clarity  .     m - +0 plate armour
rNeg   + . .     SustAt   .     (shield currently unavailable)
rPois  ∞         Gourm    .     A - +1 hat {SInv}
rElec  +         Spirit   .     (no cloak)
rCorr  .         Warding  .     K - +0 pair of gloves
rMut   .         Stasis   .     (no boots)
MR     .....                    (no amulet)
Stlth  ..........               J - +4 ring of protection
                                Y - +1 ring of protection

@: berserking, very quick, not resistant to hostile enchantments, extremely
unstealthy
A: negative energy resistance 1, electricity resistance, unbreathing,
petrification resistance, rot immunity, AC +7
a: Heroism, Finesse, Renounce Religion


You were on level 2 of the Lair of Beasts.
You worshipped Okawaru.
Okawaru was extremely pleased with you.
You were not hungry.

You visited 3 branches of the dungeon, and saw 12 of its levels.

You collected 571 gold pieces.

Inventory:

Hand Weapons
 a - a +1 quarterstaff (weapon)
 x - a +0 blowgun
Missiles
 d - 3 throwing nets (quivered)
 y - 5 curare-tipped needles
 F - 44 poisoned needles
Armour
 m - a +0 plate armour (worn)
 A - a +1 hat of see invisible (worn)
 K - a +0 pair of gloves (worn)
Jewellery
 c - a +3 ring of slaying {unknown}
 h - an uncursed ring of sustain attributes
 C - an uncursed ring of ice
 J - a +4 ring of protection (right hand)
 Y - a +1 ring of protection (left hand)
Wands
 i - a wand of slowing (23)
Scrolls
 b - a scroll of enchant armour
 g - 4 scrolls of remove curse
 j - a scroll of recharging
 p - 2 scrolls of magic mapping
Potions
 f - 4 potions of heal wounds
 o - 2 potions of cancellation
 E - 2 potions of lignification {unknown}
 G - 2 potions of haste {unknown}
 H - a potion of invisibility {unknown}
 L - a potion of flight {unknown}
 N - a potion of might {unknown}
 V - a potion of agility {unknown}
Miscellaneous
 k - a disc of storms
Comestibles
 e - 5 bread rations
 T - 9 fruits


   Skills:
 + Level 8.9 Fighting
 - Level 14.0 Staves
 - Level 1.7 Throwing
 + Level 8.6 Armour
 - Level 2.4 Dodging


You had 10 spell levels left.
You didn't know any spells.

Dungeon Overview and Level Annotations

Branches:
Dungeon (8/15)             Temple (1/1) D:4            Lair (3/8) D:8
  Swamp: Lair:3-6    Shoals: Lair:3-6     Snake: Lair:3-6    Spider: Lair:3-6

Altars:
Ashenzari
Cheibriados
Dithmenos
Elyvilon
Fedhas
Gozag
Kikubaaqudgha
Makhleb
Nemelex Xobeh
Okawaru
Qazlal
Ru
Sif Muna
Trog
Vehumet
Xom
Yredelemnul
Zin
The Shining One

Annotations:
D:2 Sigmund


Innate Abilities, Weirdness & Mutations

You are resistant to torment.
Your stone body is resilient (AC +7).
You are immune to poison.
You resist negative energy.
You are resistant to electric shocks.
You can survive without breathing.
You are immune to petrification.
You are immune to rotting.


Message History

Harold is almost dead.
You feel like a meek peon again. The spiny frog barely misses you.
You are too berserk!
You bludgeon Harold!!
You kill Harold!
Okawaru is honoured by your kill.
Harold looks down at his mortal wounds and cries, "But... this was my last day before retirement..."
Things that are here:
a scimitar; 3 throwing nets; a ring mail You barely miss the spiny frog.
The spiny frog is moderately wounded.
The spiny frog stings you.
* * * LOW HITPOINT WARNING * * *
You barely miss the spiny frog.
The spiny frog is moderately wounded.
You hit the spiny frog.
The spiny frog is moderately wounded.
The spiny frog stings you.
You die...

##....# ###### #....## ##.##.###
### #.....# #P.##...## #.#
##P...####........# .###
###......##.#.....######
..P#####.........###.......##.#
.<...............# #...##.....###
.................####..##P#P#.P#.
##......P#......@P.##...#####....
#.....P##......F..#^...## ##.#.
###P.....#..##.....##....### ###.
#.......#######.....#....#.######
#......P##.# #.#.....#.....#.##.
#..........# ###.............###
#.#.......## #.............###
####.......# #...#.P........##
##....P### ##.........###.PP#


You could see a spiny frog.

Vanquished Creatures
  Gastronok (Lair:1)
  Harold (Lair:2)
  A griffon (Lair:2)
  2 spiny frogs
  A komodo dragon (Lair:2)
  A queen bee (Lair:1)
  A two-headed ogre (D:8)
  A hippogriff (D:6)
  7 yaks
  3 hungry ghosts
  A hog (D:7)
  A human (D:7)
  Menkaure (D:7)
  A water moccasin (Lair:2)
  2 orc warriors (D:6)
  4 phantoms
  3 porcupines
  4 centaurs
  A sky beast (D:5)
  2 ogres
  2 crocodiles (Lair:1)
  A necrophage (D:6)
  11 giant frogs
  4 scorpions
  14 killer bees (Lair:1)
  9 wights (D:8)
  A centaur zombie (D:7)
  An electric eel (Lair:2)
  4 crimson imps
  3 hounds
  8 jellies
  5 orc wizards
  2 giant frog skeletons
  4 iguanas
  6 worker ants
  5 sheep
  9 adders
  A gnoll (D:1)
  A shadow imp (D:5)
  An ooze (D:4)
  An adder skeleton (D:7)
  3 worms
  7 giant geckos
  14 orcs
  A ball python (D:3)
  6 bats
  5 giant cockroaches
  10 hobgoblins
  20 jackals
  5 kobolds
  3 quokkas
  A giant gecko skeleton (D:4)
  A giant gecko zombie (D:6)
  2 giant newts
  5 goblins
  8 rats
  A fungus (D:8)
224 creatures vanquished.

Notes
Turn   | Place    | Note
--------------------------------------------------------------
     0 | D:1      | septik the Gargoyle Gladiator began the quest for the Orb.
     0 | D:1      | Reached XP level 1. HP: 12/12 MP: 1/1
   286 | D:1      | Reached XP level 2. HP: 15/17 MP: 2/2
   495 | D:1      | Reached skill level 4 in Staves
   574 | D:1      | Reached XP level 3. HP: 17/21 MP: 3/3
   902 | D:2      | Found a faded altar to an unknown god.
   941 | D:2      | Noticed Sigmund
  1041 | D:2      | Found a bloodstained altar of Trog.
  1556 | D:3      | Reached XP level 4. HP: 26/26 MP: 4/4
  1593 | D:3      | Reached skill level 5 in Staves
  1635 | D:3      | Reached XP level 5. HP: 30/30 MP: 5/5
  1868 | D:4      | Reached skill level 6 in Staves
  2068 | D:4      | Reached XP level 6. HP: 31/35 MP: 6/6
  2091 | D:4      | Noticed an ice beast
  2544 | D:4      | Reached skill level 7 in Staves
  2916 | D:4      | Found a staircase to the Ecumenical Temple.
  2921 | Temple   | Entered the Ecumenical Temple
  3134 | Temple   | Became a worshipper of Warmaster Okawaru
  3241 | D:5      | Entered Level 5 of the Dungeon
  3251 | D:5      | Reached XP level 7. HP: 25/40 MP: 7/7
  3443 | D:4      | Reached skill level 8 in Staves
  3863 | D:5      | Reached * piety under Okawaru
  4141 | D:5      | Reached skill level 9 in Staves
  4287 | D:5      | Found a burning altar of Makhleb.
  4409 | D:5      | Reached XP level 8. HP: 39/44 MP: 8/8
  4595 | D:6      | Found a white marble altar of Elyvilon.
  4614 | D:6      | Found a glowing golden altar of the Shining One.
  4614 | D:6      | Found a sparkling altar of Nemelex Xobeh.
  4614 | D:6      | Found a white marble altar of Elyvilon.
  4905 | D:6      | Reached skill level 10 in Staves
  4957 | D:6      | Reached ** piety under Okawaru
  5251 | D:6      | Reached skill level 11 in Staves
  5269 | D:6      | Reached XP level 9. HP: 43/48 MP: 9/9
  5629 | D:6      | Reached skill level 12 in Staves
  5866 | D:6      | Found a stormy altar of Qazlal.
  5939 | D:6      | Found a blossoming altar of Fedhas.
  6140 | D:7      | Reached skill level 1 in Armour
  6368 | D:7      | Reached *** piety under Okawaru
  6447 | D:7      | Noticed Menkaure
  6470 | D:7      | Killed Menkaure
  6725 | D:7      | Reached XP level 10. HP: 10/58 MP: 10/10
  6728 | D:7      | Reached skill level 13 in Staves
  7282 | D:8      | Found a staircase to the Lair.
  7398 | D:8      | Reached **** piety under Okawaru
  7398 | D:8      | Reached skill level 5 in Fighting
  7512 | D:8      | Found a snail-covered altar of Cheibriados.
  7975 | Lair:1   | Entered Level 1 of the Lair of Beasts
  8118 | Lair:1   | Noticed Gastronok
  8159 | Lair:1   | Killed Gastronok
  8159 | Lair:1   | Reached ***** piety under Okawaru
  8159 | Lair:1   | Reached skill level 14 in Staves
  8159 | Lair:1   | Reached skill level 5 in Armour
  8342 | Lair:1   | Reached XP level 11. HP: 66/66 MP: 11/11
  8575 | Lair:1   | Got a fine leather armour
  8586 | Lair:1   | Identified the +0 leather armour of Safamug {*Drain +Blink rC- MR+++} (You found it on level 1 of the Lair of Beasts)
 10526 | Lair:3   | Noticed Harold
 10575 | Lair:2   | HP: 1/69 [Harold/bolt of fire (26)]
 10580 | Lair:2   | HP: 5/103 [spiny frog (13)]
 10585 | Lair:2   | Killed Harold
 10587 | Lair:2   | HP: 2/103 [spiny frog (4)]
 10589 | Lair:2   | Slain by a spiny frog

Action                   |  1- 3 |  4- 6 |  7- 9 | 10-12 || total
-------------------------+-------+-------+-------+-------++-------
Melee: Quarterstaff      |   143 |   163 |   487 |   501 ||  1294
Invok: Heroism           |       |       |     5 |     3 ||     8
  Use: Scroll            |       |       |     2 |    21 ||    23
       Potion            |       |       |       |     3 ||     3
  Eat: Chunk             |     2 |     5 |    16 |    12 ||    35
       Bread ration      |       |       |     1 |       ||     1
       Pizza             |       |       |     1 |       ||     1
       Beef jerky        |       |       |     1 |       ||     1
       Fruit             |       |       |       |     1 ||     1
